 Dungeon Crawl Stone Soup version 0.23.2-30-g0e89c35649 (webtiles) character file.

Game seed: 5742160080829960200

94 Artanis the Sneak (level 4, -4/17 (23) HPs)
             Began as a Spriggan Assassin on June 23, 2019.
             Slain by a centaur
             ... wielding a +0 whip
              (5 damage)
             ... on level 2 of the Dungeon.
             The game lasted 00:32:40 (4181 turns).

Artanis the Sneak (Spriggan Assassin)               Turns: 4181, Time: 00:32:41

HP:   -4/17 (23)    AC:  3    Str:  8    XL:     4   Next: 38%
MP:   5/5           EV: 17    Int: 12    God:
Gold: 114           SH:  0    Dex: 17    Spells: 3/3 levels left

rFire    . . .     SeeInvis +   a - +2 dagger
rCold    . . .     Gourm    .   (shield restricted)
rNeg     . . .     Faith    .   c - +0 robe
rPois    .         Spirit   .   (helmet restricted)
rElec    .         Reflect  .   d - +0 cloak
rCorr    .         Harm     .   (gloves unavailable)
MR       .....                  (boots unavailable)
Stlth    ++++......             (no amulet)
HPRegen  0.00/turn              (no ring)
MPRegen  0.09/turn              (no ring)

@: non-regenerating, badly diseased, very quick
A: very small, unfitting armour, see invisible, herbivore, speed 3, slow
metabolism 2
a: no special abilities


You were on level 2 of the Dungeon.
You were not hungry.

You visited 1 branch of the dungeon, and saw 2 of its levels.

You collected 114 gold pieces.

Inventory:

Hand Weapons
 a - a +2 dagger (weapon)
 b - a +0 blowgun
Missiles
 e - 20 poisoned needles
 f - 2 curare-tipped needles
 r - 24 stones (quivered)
Armour
 c - a +0 robe (worn)
 d - a +0 cloak (worn)
 o - a +0 shield
Wands
 p - a wand of iceblast (12)
Scrolls
 h - a scroll of immolation {unknown}
 i - a scroll of blinking {unknown}
 j - a scroll of fear {unknown}
 n - a scroll of fog {unknown}
 s - a scroll of noise {unknown}
Potions
 k - a potion of heal wounds {unknown}
 l - a potion of lignification {unknown}
 m - 5 potions of haste {unknown}
 q - a potion of might {unknown}
Comestibles
 g - a ration


   Skills:
 + Level 1.9 Fighting
 + Level 2.6 Short Blades
 + Level 2.3 Throwing
 + Level 2.4 Dodging
 * Level 7.8 Stealth


You had 3 spell levels left.
You didn't know any spells.
Your spell library was empty.

Dungeon Overview and Level Annotations

Branches:
Dungeon (2/15)

Altars:


Innate Abilities, Weirdness & Mutations

You are very small and have problems with some larger weapons.
You are too small for most types of armour.
You have supernaturally acute eyesight. (SInv)
You are a herbivore.
You cover ground extremely quickly.
You need to consume almost no food.


Message History

The necrophage closely misses you.
You hit the necrophage but do no damage.
The necrophage is moderately damaged.
The necrophage hits you.
You feel ill.
You feel your flesh rotting away!
You hit the necrophage.
The necrophage is moderately damaged.
The necrophage hits you.
You closely miss the necrophage.
The necrophage is moderately damaged.
The necrophage hits you.
* * * LOW HITPOINT WARNING * * *
The necrophage is too close now for your liking.
You eat one of the 2 rations.
That ration really hit the spot!
The kobold is too close now for your liking.
You barely miss the kobold. The kobold hits you.
* * * LOW HITPOINT WARNING * * *
You completely miss the kobold. The kobold closely misses you.
A centaur comes into view. It is wielding a +0 whip.
The centaur hits you with a +0 whip.
You die...

#.# #. #.# #.#. #.#
..# #.#####.# #### #.#
..###..##.(.# #.#
..##....#(#.# #.#
#.##....#(#..##### #.#
#.#.....#(#....... #.#
#.#.....#(#....... #.#
#####.c######.##......
#.# #....@###.n...#
###### #.#
#.####.##.##### #.#
#.# ##.#.# #.# #.#
#.#.# ##########
#.#.#####.# #...# #..
...... #.#.....#.#
#.### #.# #.####
#.#####.#.#
#.#####.###.##
#.#####.#.#
#.##.........#
#.#.....#.#
#.##.##.###..###


You could see a centaur.

Vanquished Creatures
  Jessica (D:2)
  2 adders (D:2)
  3 dart slugs
  3 leopard geckos (D:1)
  9 bats
  3 giant cockroaches
  2 goblins
  2 hobgoblins
  9 kobolds
  4 frilled lizards
  4 rats
42 creatures vanquished.

Notes
Turn   | Place    | Note
-------+----------+-------------------------------------------
     0 | D:1      | Artanis the Spriggan Assassin began the quest for the Orb.
     0 | D:1      | Reached XP level 1. HP: 10/10 MP: 2/2
    39 | D:1      | Reached skill level 6 in Stealth
   337 | D:1      | Reached XP level 2. HP: 15/15 MP: 3/3
  1339 | D:1      | Reached skill level 7 in Stealth
  1751 | D:2      | Reached XP level 3. HP: 18/18 MP: 4/4
  2161 | D:2      | Noticed a necrophage
  3357 | D:2      | Noticed Jessica
  3376 | D:2      | Killed Jessica
  3376 | D:2      | Reached XP level 4. HP: 19/19 MP: 5/5
  4181 | D:2      | Noticed a centaur
  4181 | D:2      | Slain by a centaur

Skill      XL: |  1  2 |
---------------+-------+-----
Stealth        | 6 7 |  7.8
Dodging        | 2 |  2.4
Fighting       | |  1.9
Short Blades   | |  2.6
Throwing       | |  2.3

Action                   |  1- 3 |  4- 6 || total
-------------------------+-------+-------++-------
Melee: Dagger            |   113 |    14 ||   127
 Fire: Blowgun           |    18 |    10 ||    28
Throw: Stone             |       |    75 ||    75
 Stab: Sleeping          |    14 |       ||    14
       Distracted        |     2 |       ||     2
  Eat: Ration            |       |     1 ||     1
Armor: Robe              |     6 |     2 ||     8
Dodge: Dodged            |    74 |     4 ||    78
